 Dungeon Crawl Stone Soup version 0.13-a0-2884-gbbf8bdf (webtiles) character file.

1587 M4edhros the Spear-Bearer (level 8, -4/54 HPs)
             Began as an Octopode Death Knight on Aug 29, 2013.
             Was an Elder of Yredelemnul.
             Killed by divine providence
             ... invoked by an orc priest
              (15 damage)
             ... on Level 6 of the Dungeon.
             The game lasted 00:18:27 (6960 turns).

M4edhros the Spear-Bearer (Octopode Death Knight)   Turns: 6960, Time: 00:18:27

HP  -4/54        AC  1     Str 12      XL: 8   Next: 66%
MP  13/13        EV 14     Int 19      God: Yredelemnul [****..]
Gold 213         SH  0     Dex 11      Spells:  0 memorised,  7 levels left

Res.Fire  : . . .   See Invis. : .   v - +1 orc trident
Res.Cold  : . . .   Warding    : .   (no shield)
Life Prot.: . . .   Conserve   : +   (helmet restricted)
Res.Poison: .       Res.Corr.  : .   i - amulet of conservation
Res.Elec. : .       Clarity    : .   g - +3 ring of intelligence
Sust.Abil.: . .     Spirit.Shd : .   m - ring of teleport control
Res.Mut.  : .       Stasis     : .   j - ring of wizardry
Res.Rott. : .       Flight     : .   (no ring)
Saprovore : . . .                    a - ring of sustenance
                                     (no ring)
                                     (no ring)
                                     (no ring)

@: slightly resistant to hostile enchantments, fairly stealthy
A: almost no armour, amphibious, 8 rings, constrict 8, camouflage 1, AC +1
a: Animate Dead, Recall Undead Slaves, Injury Mirror, Drain Life, Renounce
Religion, Evoke Teleport Control


You were on level 6 of the Dungeon.
You worshipped Yredelemnul.
Yredelemnul was extremely pleased with you.
You were near starving.

You visited 1 branch of the dungeon, and saw 6 of its levels.

You collected 328 gold pieces.
You spent 135 gold pieces at shops.

Inventory:

Hand weapons
 b - a +1,+2 sling of velocity
 q - a -1 orcish blowgun
 v - a +1,+1 orcish trident (weapon)
Missiles
 h - 9 stones
 n - 7 javelins (quivered)
 s - 8 curare-tipped needles
Magical devices
 t - a wand of confusion (1) {unknown}
 u - a wand of draining (5)
Comestibles
 c - 6 bread rations
 w - a meat ration
Scrolls
 d - a scroll of blinking {unknown}
 f - a scroll of curse armour {unknown}
 k - 2 scrolls of identify
 l - a scroll of noise {unknown}
 o - a scroll of teleportation
 p - a scroll of enchant weapon I
 r - a scroll of fog
 A - a scroll of enchant armour
Jewellery
 a - a ring of sustenance (on tentacle)
 g - a +3 ring of intelligence (left tentacle)
 i - an amulet of conservation (around mantle)
 j - a ring of wizardry (on tentacle)
 m - a ring of teleport control (right tentacle)
 y - an uncursed ring of teleportation
Potions
 x - a potion of heal wounds
 z - a potion of restore abilities
Books
 e - a book of Cantrips

   Spells                             Type                      Level
   Confusing Touch                    Hexes                        1
   Animate Skeleton                   Necromancy                   1
   Summon Small Mammal                Summoning                    1
   Apportation                        Translocation                1


   Skills:
 * Level 5.8 Fighting
 - Level 10.7 Polearms
 * Level 5.6 Dodging
 - Level 3.0 Invocations


You had 7 spell levels left.
You didn't know any spells.

Dungeon Overview and Level Annotations

Branches:
Dungeon (6/27)             Temple (0/1) D:6
    Orc: D:6-11

Altars:
Kikubaaqudgha
Trog
the Shining One

Shops:
D:5 /

Annotations:
D:6 Eustachio


Innate Abilities, Weirdness & Mutations

You cannot wear most types of armour.
You are amphibious.
You can wear up to eight rings at the same time.
You can use your tentacles to constrict many enemies at once.
Your skin changes colour to match your surroundings (Stlth).
Your rubbery body absorbs attacks (AC +1).


Message History

t - Shout!
Orders for allies: a - Attack new target. p - Attack previous target. r - Retreat! s - Stop attacking. w - Wait here. f - Follow me.
Anything else - Stay silent.
Gang up on whom?
Press: ? - help, Dir - move target cursor, p - orc warrior
Okay, then.
Your centaur zombie hits the orc warrior!
The orc priest mumbles some strange prayers to Beogh.
You feel a wave of unholy energy pass over you.
The orc priest calls down the wrath of Beogh upon you.
Something smites you!
* * * LOW HITPOINT WARNING * * *
The orc wizard gestures wildly while chanting.
You feel a wave of unholy energy pass over you.
The orc priest mumbles some strange prayers to Beogh against you.
Something smites you!
You die...
Your body rises from the dead as a mindless zombie.

#...........# #..=
#...........# #...
#...........###
#.....
#.............#
#.....
#.............#
#.....
#.............#
#.....
#########.#...#
###... #.......#
#... #.....@.# ..
#.....#########
#....o.........
#...Z..........
###.#..........
#.#((......(..
#.#..)........
######.#o.........#
#.................


You could see an orc warrior, an orc priest and a friendly centaur zombie.

Vanquished Creatures
  2 ogres (D:4)
  A phantom (D:6)
  A centaur (D:6)
  Duvessa (D:6)
  Blork the orc (D:6)
  A crimson imp (D:5)
  Dowan (D:6)
  Crazy Yiuf (D:3)
  2 hounds
  An iguana (D:4)
  A goliath beetle (D:5)
  9 worker ants
  A scorpion (D:4)
  5 orc wizards
  Ijyb (D:6)
  An ogre skeleton (D:4)
  9 adders
  A green rat (D:6)
  3 worms
  6 giant geckos
  2 oozes
  11 orcs
  10 goblins
  9 hobgoblins
  6 jackals
  9 bats
  3 giant cockroaches
  7 giant newts
  A goblin zombie (D:5)
  11 kobolds
  An orc skeleton (D:4)
  2 quokkas
  8 rats
  A plant (D:2)
130 creatures vanquished.

Vanquished Creatures (collateral kills)
  A water moccasin (D:6)
  2 orcs (D:5)
  A jackal (D:5)
  A goblin skeleton (D:4)
5 creatures vanquished.

Vanquished Creatures (others)
  A human (D:3)
  A water moccasin zombie (D:6)
  An ogre zombie (D:4)
  A worker ant zombie (D:4)
  An adder zombie (D:5)
  An elf zombie (D:6)
  A goblin skeleton (D:6)
  A bat zombie (D:5)
  2 giant gecko zombies (D:4)
  2 jackal zombies (D:5)
  A kobold zombie (D:5)
  2 orc zombies (D:5)
15 creatures vanquished.

Grand Total: 150 creatures vanquished

Notes
Turn   | Place    | Note
--------------------------------------------------------------
     0 | D:1      | M4edhros, the Octopode Death Knight, began the quest for the Orb.
     0 | D:1      | Reached XP level 1. HP: 14/14 MP: 2/2
   477 | D:1      | Reached XP level 2. HP: 19/19 MP: 4/4
  1143 | D:2      | Reached XP level 3. HP: 24/24 MP: 5/5
  1426 | D:2      | Reached skill level 10 in Polearms
  1426 | D:2      | Reached XP level 4. HP: 30/30 MP: 7/7
  1602 | D:2      | Acquired Yredelemnul's second power
  2686 | D:3      | Reached XP level 5. HP: 30/35 MP: 8/8
  2959 | D:3      | Found an ancient bone altar of Kikubaaqudgha.
  2959 | D:3      | Noticed a human
  2963 | D:3      | Killed a human
  2963 | D:3      | Noticed a human zombie
  3519 | D:3      | Paralysed by a potion of paralysis for 3 turns
  3552 | D:3      | Noticed Crazy Yiuf
  3568 | D:3      | Killed Crazy Yiuf
  3996 | D:4      | Reached XP level 6. HP: 33/41 MP: 10/10
  4029 | D:4      | Acquired Yredelemnul's third power
  4073 | D:4      | Noticed an ogre
  4479 | D:4      | Noticed an ogre
  4543 | D:4      | Killed an ogre
  4543 | D:4      | Reached XP level 7. HP: 29/46 MP: 11/11
  4633 | D:4      | Killed an ogre
  4675 | D:5      | Entered Level 5 of the Dungeon
  4675 | D:5      | Found Twuud's Magical Wand Shoppe.
  4708 | D:5      | Bought a wand of draining (5) for 135 gold pieces
  5117 | D:5      | Found a glowing golden altar of the Shining One.
  5424 | D:4      | Found a bloodstained altar of Trog.
  5426 | D:4      | Acquired Yredelemnul's fourth power
  5888 | D:5      | Reached XP level 8. HP: 41/53 MP: 11/13
  6126 | D:6      | Reached skill level 5 in Fighting
  6151 | D:6      | Noticed Duvessa
  6155 | D:6      | Noticed Dowan
  6159 | D:6      | Killed Duvessa
  6159 | D:6      | Reached skill level 5 in Dodging
  6164 | D:6      | Killed Dowan
  6331 | D:6      | Noticed Eustachio
  6444 | D:6      | Noticed Ijyb
  6446 | D:6      | Found a staircase to the Ecumenical Temple.
  6453 | D:6      | Killed Ijyb
  6464 | D:6      | Noticed Blork the orc
  6479 | D:6      | Killed Blork the orc
  6644 | D:6      | Your ally Ijyb died
  6653 | D:6      | Your ally Dowan died
  6960 | D:6      | Killed from afar by an orc priest

Action                   |  1- 3 |  4- 6 |  7- 9 || total
-------------------------+-------+-------+-------++-------
Melee: Spear             |    55 |   243 |    49 ||   347
       Trident           |       |       |   167 ||   167
Throw: Javelin           |       |     3 |       ||     3
Invok: Animate Dead      |       |     2 |    12 ||    14
  Use: Scroll            |     4 |     4 |    11 ||    19
       Potion            |     1 |     7 |     1 ||     9
 Stab: Sleeping          |     5 |     4 |     3 ||    12
       Distracted        |     1 |       |       ||     1
